 Dungeon Crawl Stone Soup version 0.31-a0-795-g5eb97db20b (webtiles) character file.

Game seed: 9746445550836153670

435 NasaPeepo the Cudgeller (level 6, -2/48 HPs)
             Began as a Demonspawn Berserker on Sept 18, 2023.
             Was a Believer of Trog.
             Slain by a yak (6 damage)
             ... on level 5 of the Dungeon.
             The game lasted 00:30:15 (2674 turns).

NasaPeepo the Cudgeller (Demonspawn Berserker)      Turns: 2674, Time: 00:30:17

Health: -2/48      AC: 13    Str: 19    XL:     6   Next: 68%
Magic:  6/6        EV:  8    Int:  9    God:    Trog [**....]
Gold:   103        SH:  4    Dex: 12    Spells: 5/5 levels left

rFire   . . .        j - +0 dire flail
rCold   + . .        (shield currently unavailable)
rNeg    . . .        k - +0 chain mail
rPois   .            l - +2 helmet
rElec   .            n - +0 cloak
rCorr   .            (no gloves)
SInv    .            (boots unavailable)
Will    .....        (no amulet) Stlth
                     c - ring of protection from cold
HPRegen 0.28/turn    (no ring)
MPRegen 0.10/turn

%: no passive effects
@: on berserk cooldown, slowed, very slow
A: hooves 3, condensation shield
a: Renounce Religion, Berserk, Trog's Hand


You were on level 5 of the Dungeon.
You worshipped Trog.
Trog was pleased with you.
You visited 1 branch of the dungeon, and saw 5 of its levels.

You collected 147 gold pieces.
You spent 44 gold pieces at shops.

Inventory:

Hand Weapons
 a - a +0 mace
 g - a +1 dagger of freezing
 j - a +0 dire flail (weapon)
Missiles
 b - 5 curare-tipped darts
 d - 5 poisoned darts
Armour
 k - a +0 chain mail (worn)
 l - a +2 helmet (worn)
 n - a +0 cloak (worn)
Jewellery
 c - a ring of protection from cold (left hand)
Scrolls
 h - a scroll of teleportation
 i - a scroll of fog {unknown}
Potions
 f - a potion of attraction {unknown}
 m - a potion of might {unknown}


   Skills:
 + Level 4.1 Fighting
 + Level 5.2 Maces & Flails
 + Level 3.0 Armour
 + Level 2.5 Dodging
 + Level 1.3 Stealth
 + Level 0.8 Shields


You had 5 spell levels left.
You didn't know any spells.
Your spell library contained the following spells:

 Spells                   Type           Power      Damage    Failure   Level
 Foxfire                  Conj/Fire      0%         2x1d4     98%         1
 Sandblast                Erth           0%         2d4       98%         1
 Slow                     Hex            0%         N/A       98%         1
 Passwall                 Tmut/Erth      0%         N/A       99%         2
 Confusing Touch          Hex            0%         N/A       100%        3
 Ozocubu's Armour         Ice            0%         N/A       100%        3
 Sigil of Binding         Hex            0%         N/A       100%        3
 Stone Arrow              Conj/Erth      0%         3d7       100%        3
 Vampiric Draining        Necr           0%         2d6       100%        3
 Brom's Barrelling Bould  Conj/Erth      0%         2d3       100%        4
 Plasma Beam              Fire/Air       0%         2x1d10    100%        6
 Starburst                Conj/Fire      0%         6d3       100%        6
 Ozocubu's Refrigeration  Ice            0%         4d7       100%        7


Dungeon Overview and Level Annotations

Branches:
Dungeon (5/15)
 Temple: D:4-7

Altars:
Gozag
Kikubaaqudgha
Sif Muna
Vehumet

Shops:
D:3 =((


Innate Abilities, Weirdness & Mutations

You have hooves in place of feet.
A meltable shield of frost defends you. (SH +4)


Message History

You barely miss the yak. You impale the yak!! You kick the yak!
The yak is severely wounded.
The yak gores you.
* * * LOW HITPOINT WARNING * * *
The yak gores you but does no damage. The yak gores you!
* * * LOW HITPOINT WARNING * * *
You feel a strong urge to attack something.
The yak attacks as it pursues you! The yak gores you but does no damage.
You feel your anger nearly subside.
You are no longer berserk.
You are exhausted.
You feel yourself slow down.
You feel much better.
You puncture the yak! You kick the yak!
The yak is almost dead.
You block the yak's attack. The yak gores you but does no damage.
The yak attacks as it pursues you! The yak barely misses you.
You block the yak's attack. The yak gores you!
The yak attacks as it pursues you! The yak gores you but does no damage.
The yak gores you.
* * * LOW HITPOINT WARNING * * *
The yak attacks as it pursues you! The yak gores you.
* * * LOW HITPOINT WARNING * * *
You block the yak's attack. The yak gores you but does no damage.
The yak attacks as it pursues you! The yak gores you but does no damage.
The yak barely misses you.
The yak snorts and paws the ground.
The yak attacks as it pursues you! The yak gores you.
* * * LOW HITPOINT WARNING * * *
There is an open door, spattered with blood here.
You sock the yak! Your kick misses the yak.
The yak is almost dead.
The yak completely misses you. The yak gores you but does no damage.
You sock the yak!
You kill the yak!
Trog accepts your kill. You block the yak's attack. The yak gores you.
* * * LOW HITPOINT WARNING * * *
The yak gores you.
You die...

......#...............#
......#...............#
......#...............#
......'...............#
......#......)........#
......#...............#
......#.........Y.....#
..#####........YY.....##
..#.....#'######@#.....#
..#.....#...#....'.....#
. #.....#...#....#.....#
. +.....#...#....#.....#
###.....#...###..# ....#
#.....##########'##.....
#.....#...........# ....
#.....#...........# ....
#.....#...........#


You could see 3 yaks.

Vanquished Creatures
  2 yaks (D:5)
  A scorpion (D:5)
  A jelly (D:4)
  2 orc priests
  Jessica (D:2)
  4 adders
  A worm (D:4)
  3 dart slugs
  7 orcs
  7 ball pythons
  2 bats
  7 endoplasms
  2 giant cockroaches
  7 goblins
  5 hobgoblins (D:2)
  5 jackals
  4 kobolds
  2 quokkas (D:4)
  5 frilled lizards
  2 rats (D:2)
70 creatures vanquished.

Notes
Turn   | Place    | Note
-------+----------+-------------------------------------------
     0 | D:1      | NasaPeepo the Demonspawn Berserker began the quest for the
                  | Orb.
     0 | D:1      | Reached XP level 1. HP: 18/18 MP: 1/1
   331 | D:1      | Gained mutation: A meltable shield of frost defends you.
                  | (SH +4) [demonic ancestry]
   331 | D:1      | Reached XP level 2. HP: 24/24 MP: 2/2
   340 | D:1      | Found a faded altar of an unknown god.
   410 | D:1      | Reached skill level 3 in Maces & Flails
   617 | D:2      | Gained mutation: You have large cloven feet. [demonic
                  | ancestry]
   617 | D:2      | Reached XP level 3. HP: 29/29 MP: 3/3
   734 | D:2      | Reached ** piety under Trog
   858 | D:2      | Noticed Jessica
   874 | D:2      | Killed Jessica
   875 | D:2      | Reached XP level 4. HP: 28/35 MP: 4/4
  1261 | D:3      | Found Noetrup's Weapon Shop.
  1273 | D:3      | Bought a +0 dire flail for 44 gold pieces
  1374 | D:3      | Found Weilad's Jewellery Shoppe.
  1558 | D:3      | Found a radiant altar of Vehumet.
  1635 | D:3      | Reached skill level 4 in Maces & Flails
  1817 | D:3      | Found Ucacupt's Antique Weapon Shoppe.
  1906 | D:3      | Gained mutation: You have hoof-like feet. [demonic
                  | ancestry]
  1906 | D:3      | Reached XP level 5. HP: 42/42 MP: 5/5
  2073 | D:4      | Reached skill level 1 in Stealth
  2147 | D:4      | Found an ancient bone altar of Kikubaaqudgha.
  2154 | D:4      | Found a shimmering blue altar of Sif Muna.
  2284 | D:4      | Found an opulent altar of Gozag.
  2509 | D:5      | Entered Level 5 of the Dungeon
  2595 | D:5      | Gained mutation: You have hooves in place of feet. [demonic
                  | ancestry]
  2595 | D:5      | Reached XP level 6. HP: 44/48 MP: 6/6
  2647 | D:5      | Noticed a yak
  2647 | D:5      | Noticed a yak
  2647 | D:5      | Noticed a yak
  2647 | D:5      | Noticed a yak
  2647 | D:5      | Noticed a yak
  2659 | D:5      | Killed a yak
  2660 | D:5      | Reached skill level 5 in Maces & Flails
  2674 | D:5      | Killed a yak
  2674 | D:5      | Slain by a yak

Illustrated notes

Levels and vault maps discovered:
D:1:      orjb1_lava_funnel, layout_loops_ring, basic_ecumenical_altar
D:2:      layout_basic, nicolae_figureground_sparkle, uniq_jessica
D:3:      layout_loops_cross, vehumet_crystals, serial_shops,
          nicolae_lakefront_shop, nicolae_shop_advertising_works
          [nicolae_subvault_shop_adworks], nicolae_shop_back_alley_shop, shop
D:4:      layout_basic, mainiacjoe_overflow_small_starburst, old_standard_altar,
          kennysheep_orc_sif_temple
D:5:      kennysheep_steamy, layout_gridville, old_standard_altar

Skill      XL: |  1  2  3  4  5  6 |
---------------+-------------------+-----
Maces & Flails | 3 4 5 |  5.2
Dodging        | 2 |  2.5
Armour         | 2 3 |  3.0
Stealth        | 1 |  1.3
Fighting       | 4 |  4.1
Shields        | |  0.8

Action                     |  1- 3 |  4- 6 || total
---------------------------+-------+-------++-------
  Melee: Mace              |    83 |    13 ||    96
         Kick              |     6 |    29 ||    35
         Dire flail        |       |   122 ||   122
 Invoke: Berserk           |       |     3 ||     3
         Trog's Hand       |       |     1 ||     1
    Use: Potion            |     1 |     3 ||     4
         Scroll            |     1 |     1 ||     2
   Stab: Sleeping          |     1 |       ||     1
 Armour: Leather armour    |     8 |       ||     8
         Ring mail         |    43 |     4 ||    47
         Chain mail        |       |   124 ||   124
  Dodge: Dodged            |    40 |    51 ||    91
  Block: Other             |    13 |    33 ||    46

Table legend: (Time is in decaauts)
 A = Elapsed time spent in this place.
 B = Non-inter-level travel time spent in this place.
 C = Inter-level travel time spent in this place.
 D = Time resting spent in this place.
 E = Time spent auto-exploring this place.
 F = Levels seen in this place.
 G = Mean time per level.
                   A        B        C        D        E       F      G
               +--------+--------+--------+--------+--------+-----+--------+
         Total |   2708 |    616 |   2092 |      0 |     13 |   5 |  541.6 |
       Dungeon |   2708 |    616 |   2092 |      0 |     13 |   5 |  541.6 |
               +--------+--------+--------+--------+--------+-----+--------+

Top non-repeatable levels by time:
     D:3: 860 daAuts
     D:2: 614 daAuts
     D:1: 605 daAuts
     D:4: 462 daAuts
     D:5: 165 daAuts
